 Dungeon Crawl Stone Soup version 0.26-a0-667-g92642533e4 (webtiles) character file.

Game seed: 17698131353640505737

662323 rogsnak the Bringer of Light (level 27, -40/216 (217) HPs)
             Began as a Gnoll Fire Elementalist on Oct 12, 2020.
             Was the Champion of the Shining One.
             Killed from afar by Cerebov (52 damage)
             ... with a great blast of fire
             ... in Pandemonium on Oct 16, 2020.
             The game lasted 06:47:15 (63298 turns).

rogsnak the Bringer of Light (GnFE)                Turns: 63298, Time: 06:47:16

HP:   -40/216 (217) AC: 26    Str: 16      XL:     27
MP:   0/50          EV: 29    Int: 35 (39) God:    the Shining One [******]
Gold: 11410         SH: 26    Dex: 22      Spells: 11/63 levels left

rFire    + + .     SeeInvis +   p - +9 sacred scourge (holy)
rCold    + . .     Faith    .   W - +2 buckler "Gulankom" {Harm rN+ rCorr}
rNeg     + + +     Spirit   +   R - +4 moon troll leather armour {Spirit, Regen++ MP+5}
rPois    +         Reflect  .   P - +0 helmet of Spite {rPois MR+ Regen+ Int+3}
rElec    +         Harm     +   o - +0 cloak "Neafol" {rElec rC+ Str+4 Dex+4}
rCorr    +         Rampage  .   L - +2 pair of gloves {Dex+3}
MR       ++++.                  d - +2 pair of boots {run}
Stlth    +++.......             k - amulet of Relabey {RegenMP MR+}
HPRegen  1.66/turn              l - ring "Meotuic" {rF+++ AC+4}
MPRegen  0.57/turn              H - ring of Nizan {rF+ Int+6 Slay+5 SInv}

@: divine shield, fire vulnerable, glowing, studying Hexes, quick
A: distributed training, fangs 1, strong nose
}: 5/15 runes: serpentine, barnacled, slimy, silver, abyssal
a: Divine Shield, Cleansing Flame, Summon Divine Warrior, Brand Weapon With Holy
Wrath, Renounce Religion


You were in Pandemonium.
You worshipped the Shining One.
The Shining One was exalted by your worship.
You visited 10 branches of the dungeon, and saw 50 of its levels.
You visited Pandemonium 1 time, and saw 3 of its levels.
You visited the Abyss 2 times.
You also visited: Trove and Gauntlet.

You collected 11410 gold pieces.

Inventory:

Hand Weapons
 p - a +9 sacred scourge of holy wrath (weapon)
 t - the +7 Singing Sword {vorpal, sonic wave}
   (You took it off a deep elf high priest on level 5 of the Vaults)

   It inflicts extra damage upon your enemies.
 z - a +10 quick blade of electrocution
 D - the +6 flail of Inference {freeze, rF+ Int+5}
   (You found it in a Gauntlet)

   It has been specially enchanted to freeze those struck by it, causing extra
   injury to most foes and up to half again as much damage against particularly
   susceptible opponents.
   It can also slow down cold-blooded creatures.
   It affects your intelligence (+5).
   It protects you from fire.
Missiles
 a - 34 atropa-tipped darts (quivered)
 g - 62 silver javelins
 O - 9 boomerangs of dispersal
Armour
 b - the +18 shield of the Gong {rElec rN+ MR+ EV-5}
   (You found it on level 4 of the Lair of Beasts)

   It affects your evasion (-5).
   It insulates you from electricity.
   It protects you from negative energy.
   It affects your resistance to hostile enchantments.
 d - a +2 pair of boots of running (worn)
 o - the +0 cloak "Neafol" (worn) {rElec rC+ Str+4 Dex+4}
   (You found it on level 3 of the Elven Halls)

   It affects your strength (+4).
   It affects your dexterity (+4).
   It protects you from cold.
   It insulates you from electricity.
 C - a +2 kite shield of cold resistance
 G - a +2 pair of boots of flying
 L - a +2 pair of gloves of dexterity (worn)
 P - the +0 helmet of Spite (worn) {rPois MR+ Regen+ Int+3}
   (You found it on level 5 of the Lair of Beasts)

   It affects your intelligence (+3).
   It protects you from poison.
   It affects your resistance to hostile enchantments.
   It increases your rate of regeneration.
 R - the +4 moon troll leather armour (worn) {Spirit, Regen++ MP+5}
   (You found it in a Gauntlet)

   It affects your magic capacity (+5).
   It increases your rate of regeneration.
 W - the +2 buckler "Gulankom" (worn) {Harm rN+ rCorr}
   (You acquired it on level 3 of the Lair of Beasts)

   It protects you from negative energy.
   It provides partial protection from all sources of acid and corrosion.
   It increases damage dealt and taken.
 X - a scarf of invisibility
Jewellery
 j - an uncursed ring of protection from cold
 k - the amulet of Relabey (around neck) {RegenMP MR+}
   (You found it on level 11 of the Dungeon)

   [amulet of magic regeneration]

   It increases your magic regeneration.
   It affects your resistance to hostile enchantments.
 l - the ring "Meotuic" (left hand) {rF+++ AC+4}
   (You found it on level 5 of the Pits of Slime)

   [ring of protection]

   It affects your AC (+4).
   It renders you almost immune to fire.
 H - the ring of Nizan (right hand) {rF+ Int+6 Slay+5 SInv}
   (You found it in a treasure trove)

   [ring of intelligence]

   It affects your intelligence (+6).
   It affects your accuracy and damage with ranged weapons and melee attacks
   (+5).
   It protects you from fire.
   It lets you see invisible.
 J - the amulet "Pemosip" {Faith rF+ rN+ Dex+6}
   (You found it in a treasure trove)

   [amulet of faith]

   It allows you to gain divine favour quickly.
   It affects your dexterity (+6).
   It protects you from fire.
   It protects you from negative energy.
 M - an uncursed ring of wizardry
 N - the ring "Cac Wanu" {rPois MR+ AC+4}
   (You found it in a treasure trove)

   [ring of protection]

   It affects your AC (+4).
   It protects you from poison.
   It affects your resistance to hostile enchantments.
 U - an uncursed ring of flight
Wands
 f - a wand of acid (26)
 s - a wand of digging (22)
 S - a wand of disintegration (24)
 V - a wand of iceblast (35)
 Y - a wand of polymorph (15)
Scrolls
 e - 9 scrolls of enchant armour
 i - 7 scrolls of fear
 m - 12 scrolls of amnesia
 u - 37 scrolls of remove curse
 w - 2 scrolls of blinking
 y - 2 scrolls of summoning
 A - 7 scrolls of immolation
 E - 18 scrolls of teleportation
 K - 4 scrolls of silence
 Q - 6 scrolls of fog
Potions
 h - 31 potions of curing
 n - 7 potions of mutation
 q - 6 potions of berserk rage
 r - 2 potions of invisibility
 v - 5 potions of haste
 x - 8 potions of heal wounds
 B - 2 potions of resistance
 F - 6 potions of brilliance
 I - 5 potions of might
 T - 3 potions of cancellation
Books
 Z - a manual of Hexes
Miscellaneous
 c - a lightning rod (4/4)


   Skills:
 + Level 18.1 Fighting
 + Level 18.1 Short Blades
 + Level 18.1 Long Blades
 + Level 18.1 Axes
 + Level 18.1 Maces & Flails
 + Level 18.1 Polearms
 + Level 18.1 Staves
 + Level 18.1 Slings
 + Level 18.1 Bows
 + Level 18.1 Crossbows
 + Level 18.1 Throwing
 + Level 18.1 Armour
 + Level 18.5 Dodging
 + Level 18.4 Stealth
 + Level 18.1 Shields
 + Level 18.1 Unarmed Combat
 + Level 18.6 Spellcasting
 + Level 15.7 Conjurations
 + Level 15.6 Hexes
 + Level 15.6 Summonings
 + Level 15.6 Necromancy
 + Level 15.6 Translocations
 + Level 15.6 Transmutations
 + Level 16.3 Fire Magic
 + Level 15.6 Ice Magic
 + Level 15.6 Air Magic
 + Level 15.6 Earth Magic
 + Level 15.6 Poison Magic
 + Level 19.4 Invocations
 + Level 18.1 Evocations


You had 11 spell levels left.
You knew the following spells:

 Your Spells              Type           Power        Failure   Level
a - Foxfire               Conj/Fire      ####         0%          1
b - Sticky Flame          Conj/Fire      #######.     0%          4
c - Fireball              Conj/Fire      #######...   1%          5
d - Blink                 Tloc           N/A          0%          2
e - Summon Ice Beast      Ice/Summ       #######.     1%          4
f - Mephitic Cloud        Conj/Pois/Air  #######.     0%          3
g - Iskenderun's Battles  Conj           #######.     1%          5
h - Iron Shot             Conj/Erth      #######...   1%          6
i - Ignition              Fire           #######...   9%          8
j - Shadow Creatures      Summ           N/A          1%          6
k - Lehudib's Crystal Sp  Conj/Erth      #######...   12%         8

Your spell library contained the following spells:

 Spells                   Type           Power        Failure   Level
 Animate Skeleton         Necr           ######       0%          1
 Beastly Appendage        Tmut           ######       0%          1
 Corona                   Hex            #######      0%          1
 Freeze                   Ice            ####         0%          1
 Magic Dart               Conj           ####         0%          1
 Pain                     Necr           ####         0%          1
 Sandblast                Erth           ######       0%          1
 Shock                    Conj/Air       ####         0%          1
 Sting                    Tmut/Pois      ####         0%          1
 Summon Small Mammal      Summ           ####         0%          1
 Call Imp                 Summ           #######.     0%          2
 Corpse Rot               Necr/Air       N/A          0%          2
 Ensorcelled Hibernation  Hex/Ice        ######       0%          2
 Passwall                 Tmut/Erth      #######.     0%          2
 Poisonous Vapours        Pois/Air       ######       0%          2
 Searing Ray              Conj           ######       0%          2
 Slow                     Hex            #######.     0%          2
 Sublimation of Blood     Necr           #######...   0%          2
 Swiftness                Air            #######.     0%          2
 Wereblood                Tmut           #######.     0%          2
 Call Canine Familiar     Summ           #######.     0%          3
 Confusing Touch          Hex            #######.     0%          3
 Conjure Flame            Conj/Fire      #######.     0%          3
 Dazzling Flash           Conj/Hex       ######       0%          3
 Frozen Ramparts          Ice            ######       0%          3
 Gell's Gravitas          Tloc           #######...   0%          3
 Ignite Poison            Fire/Tmut/Pois #######.     0%          3
 Inner Flame              Hex/Fire       #######.     0%          3
 Lesser Beckoning         Tloc           #######...   0%          3
 Ozocubu's Armour         Ice            #######.     0%          3
 Portal Projectile        Hex/Tloc       ######       0%          3
 Static Discharge         Conj/Air       #######.     0%          3
 Stone Arrow              Conj/Erth      ######       0%          3
 Summon Guardian Golem    Hex/Summ       #######.     0%          3
 Teleport Other           Tloc           #######.     0%          3
 Tukima's Dance           Hex            #######.     0%          3
 Vampiric Draining        Necr           #######...   0%          3
 Airstrike                Air            #######...   1%          4
 Animate Dead             Necr           #######...   1%          4
 Cause Fear               Hex            #######...   1%          4
 Fulminant Prism          Conj/Hex       #######...   1%          4
 Hailstorm                Conj/Ice       #######.     1%          4
 Ice Form                 Ice/Tmut       #######.     1%          4
 Iskenderun's Mystic Bla  Conj/Tloc      #######.     1%          4
 Leda's Liquefaction      Hex/Erth       #######...   1%          4
 Olgreb's Toxic Radiance  Pois           #######.     1%          4
 Passage of Golubria      Tloc           N/A          1%          4
 Petrify                  Tmut/Erth      #######.     1%          4
 Summon Lightning Spire   Summ/Air       #######.     1%          4
 Agony                    Necr           #######.     1%          5
 Alistair's Intoxication  Tmut/Pois      #######..    1%          5
 Blade Hands              Tmut           #######...   1%          5
 Bolt of Magma            Conj/Fire/Erth #######...   1%          5
 Borgnjor's Vile Clutch   Necr/Erth      #######...   1%          5
 Excruciating Wounds      Necr           #######...   1%          5
 Irradiate                Conj/Tmut      #######...   1%          5
 Lee's Rapid Deconstruct  Erth           #######...   1%          5
 Lightning Bolt           Conj/Air       #######...   1%          5
 Metabolic Englaciation   Hex/Ice        #######...   1%          5
 Silence                  Hex/Air        #######...   1%          5
 Summon Demon             Summ           #######...   1%          5
 Summon Forest            Summ/Tloc      #######...   1%          5
 Summon Mana Viper        Hex/Summ       #######.     1%          5
 Yara's Violent Unravell  Hex/Tmut       #######...   1%          5
 Conjure Ball Lightning   Conj/Air       #######...   1%          6
 Death Channel            Necr           #######...   1%          6
 Dispersal                Tloc           #######...   1%          6
 Eringya's Noxious Bog    Tmut/Pois      #######...   1%          6
 Freezing Cloud           Conj/Ice/Air   #######...   1%          6
 Hydra Form               Tmut           #######...   1%          6
 Invisibility             Hex            #######.     1%          6
 Ozocubu's Refrigeration  Ice            #######...   1%          6
 Simulacrum               Ice/Necr       #######...   1%          6
 Starburst                Conj/Fire      #######...   1%          6
 Statue Form              Tmut/Erth      #######..    1%          6
 Dragon Form              Tmut           #######...   1%          7
 Haunt                    Necr/Summ      #######...   1%          7
 Malign Gateway           Summ/Tloc      #######...   1%          7
 Monstrous Menagerie      Summ           #######...   1%          7
 Orb of Destruction       Conj           #######...   1%          7
 Spellforged Servitor     Conj/Summ      #######...   1%          7
 Summon Greater Demon     Summ           #######...   1%          7
 Summon Hydra             Summ           #######...   1%          7
 Borgnjor's Revivificati  Necr           #######...   12%         8
 Chain Lightning          Conj/Air       #######...   12%         8
 Discord                  Hex            #######...   12%         8
 Disjunction              Tloc           #######...   12%         8
 Infestation              Necr           #######...   12%         8
 Necromutation            Tmut/Necr      #######...   12%         8
 Summon Horrible Things   Summ           #######...   12%         8
 Fire Storm               Conj/Fire      #######...   85%         9
 Absolute Zero            Ice            #######...   88%         9
 Death's Door             Necr           #######...   88%         9
 Dragon's Call            Summ           #######...   88%         9
 Shatter                  Erth           #######...   88%         9
 Tornado                  Air            #######...   88%         9


Dungeon Overview and Level Annotations

Branches:
Dungeon (15/15)            Temple (1/1) D:6            Lair (6/6) D:10
 Shoals (4/4) Lair:3        Snake (4/4) Lair:2        Slime (5/5) Lair:5
    Orc (2/2) D:12            Elf (3/3) Orc:2        Vaults (5/5) D:13
  Crypt (0/3) Vaults:3     Depths (5/5) D:15            Zot (0/5) Depths:5
Gauntlet (visited)

Altars:
Ashenzari
Cheibriados
Dithmenos
Elyvilon
Fedhas
Gozag
Hepliaklqana
Kikubaaqudgha
Makhleb
Nemelex Xobeh
Okawaru
Qazlal
Ru
Sif Muna
Trog
Uskayaw
Vehumet
Wu Jian
Xom
Yredelemnul
Zin
The Shining One
Lugonu

Shops:
D:5 !   D:6 !   D:7 (   D:10 (   D:11 [   D:13 }   Orc:2 }:=}   Elf:2 }
Snake:3 [   Vaults:2 :   Vaults:4 }   Vaults:5 [   Depths:1 *   Depths:2 }=}

Portals:
Hell: Depths:1 Depths:2 Depths:3 Depths:4 Depths:5
Abyss: Depths:1 Depths:3 Depths:4
Pandemonium: Depths:3 Depths:5
Ziggurat: Depths:2

Annotations:
D:11 3 runed translucent doors, Dusieq's ghost, journeyman DsCj
D:13 cache
Shoals:3 1 runed translucent door, KappaVara's ghost, adept DsFi
Vaults:4 3 runed translucent doors, foobar1000's ghost, veteran SpHu; handsome's ghost, veteran OpWn
Pan Cerebov


Innate Abilities, Weirdness & Mutations

Your experience applies equally to all skills.
You have very sharp teeth.
Your uncanny sense of smell can sniff out nearby items.


Message History

Your daeva is moderately wounded.
The golden flame engulfs Cerebov!!
Cerebov writhes in agony!
Cerebov is almost dead.
The golden flame engulfs the Executioner!!!
The Executioner writhes in agony!
The Executioner is severely wounded.
The golden flame engulfs the Tzitzimitl!!
The Tzitzimitl writhes in agony!
The Tzitzimitl is moderately wounded.
You hear a shout!
You hear a roar!
Cerebov hits you with the +6 sword of Cerebov {flame}!!
* * * LOW HITPOINT WARNING * * *
Cerebov burns you.
* * * LOW HITPOINT WARNING * * *
Your daeva calls down the wrath of the Shining One upon Cerebov.
Cerebov is smitten.
Cerebov gestures at you.
A raging storm of fire appears!
The great blast of fire engulfs you!!! You partially resist.
You die...

.........#...#)::#.# .... ##
.........#...#####.# ..... #
...............#...####....#
#
###'#######..........'......
#
...............).....'......
∆#
...................1.'......
#
...............#..&####....#
# #####........#####1# ....
# ..)##........#..@#.# . ##
..........)..#.)A&1# #.
....[........#...#.# #.
.............#####.# ∆ #.
................#..########
####.
########+##.....##........#
#....
.......##.##'##.###.##'
...... ###...#.....#.|
...... #|})#######[.


You could see Cerebov (fast), a Tzitzimitl (summoned) and a friendly daeva
(summoned, inflammable).

Vanquished Creatures
  the Royal Jelly (Slime:5)
  An ancient lich (Vaults:5)
  Mennas (Vaults:3)
  3 juggernauts
  Frederick (Depths:5)
  The ghost of Cybycivi the Fencer, a veteran BaIE of Cheibriados (Depths:3)
  Xtahua (Vaults:2)
  7 golden dragons
  5 caustic shrikes (Depths:5)
  Jory (Vaults:3)
  the Enchantress (Depths:5)
  2 Tzitzimimeh (Depths:4)
  A Hell Sentinel (Abyss:3)
  A Brimstone Fiend (Pan)
  3 tentacled monstrosities
  5 liches
  3 quicksilver dragons
  An Ice Fiend (Pan)
  3 deep elf blademasters
  9 titans
  22 acid blobs
  2 deep elf master archers (Elf:3)
  8 sphinxes
  3 Executioners (Pan)
  5 tentacled starspawn
  Kirke (D:14)
  Gastronok (Lair:2)
  2 shadow dragons (Vaults:5)
  12 tengu reavers
  7 nagarajas
  15 azure jellies
  Roxanne (D:14)
  4 storm dragons
  7 draconian monks (Depths:5)
  An iron dragon (Depths:3)
  5 fire giants
  4 deep elf sorcerers
  19 vault wardens
  A warmonger (Pan)
  A draconian shifter (Depths:5)
  3 angels
  16 frost giants
  6 balrugs (Pan)
  4 deep elf elementalists
  Aizul (Snake:1)
  22 ironheart preservers
  6 war gargoyles
  4 spriggan defenders
  2 reapers (Pan)
  A draconian annihilator (Abyss:3)
  19 very ugly things
  An entropy weaver (Vaults:4)
  2 ophanim (Abyss:4)
  23 stone giants
  Azrael (Elf:2)
  2 vampire knights
  6 deep elf demonologists
  8 deep elf annihilators
  4 green draconians (Depths:5)
  5 black draconians
  3 spark wasps
  3 red draconians (Depths:5)
  A minotaur (Gauntlet)
  The ghost of Puepiyp the Fighter, a journeyman VSTm of Dithmenos (Lair:6)
  3 white draconians (Depths:5)
  An eidolon (Vaults:3)
  5 purple draconians (Depths:5)
  14 ettins
  5 merfolk impalers
  6 merfolk javelineers
  3 deep elf high priests
  10 deep elf death magi
  A blizzard demon (Pan)
  11 fire dragons
  17 yaktaur captains
  9 death oozes
  3 hydras
  33 vault guards
  15 ice dragons
  14 great orbs of eyes
  5 rakshasas
  The ghost of Jiolyugh the Geomancer, a journeyman GrEE of Qazlal (D:14)
  3 boulder beetles
  9 naga warriors
  5 spriggan air magi
  A monstrous demonspawn (Pan)
  2 hell beasts (Pan)
  3 catoblepae
  5 merfolk avatars
  8 centaur warriors
  16 ogre magi
  6 merfolk aquamancers
  13 deep troll shamans
  2 satyrs
  39 two-headed ogres
  7 tengu warriors
  29 dancing weapons
  Urug (Lair:2)
  10 thrashing horrors
  9 death yaks
  11 anacondas
  11 deep troll earth magi
  4 spriggan berserkers
  A death yak (shapeshifter) (Vaults:5)
  A vampire mage (Abyss:3)
  3 orc high priests (Orc:2)
  17 naga sharpshooters
  29 deep elf knights
  8 shock serpents
  11 hell knights
  8 iron trolls
  6 sun demons
  Sonja (Orc:1)
  A fire crab (Lair:6)
  4 wretched stars
  9 spriggans
  A death drake (shapeshifter) (Vaults:1)
  A fire crab (shapeshifter) (Vaults:3)
  5 skeletal warriors
  5 sixfirhies
  34 deep trolls
  A torturous demonspawn (Depths:3)
  3 spatial maelstroms
  3 salamander mystics
  3 shadow wraiths
  3 flayed ghosts
  21 starcursed masses
  3 glowing orange brains
  14 deep elf archers
  28 sea snakes
  4 unseen horrors
  2 death drakes (Depths:5)
  A shadow demon (Pan)
  2 cherubim (Abyss:4)
  4 naga ritualists
  A lindwurm (shapeshifter) (Vaults:4)
  7 lindwurms
  A wolf spider zombie (D:15)
  Pikel (D:6)
  13 ironbrand convokers
  5 necromancers
  4 phantasmal warriors
  8 harpies
  3 wizards
  7 mana vipers
  17 orc knights
  2 frost giant zombies (Depths:1)
  5 shining eyes
  61 deep elf magi
  7 oklob plants
  A wolf spider (shapeshifter) (Vaults:5)
  3 wolf spiders
  7 cyclopes
  6 orc sorcerers
  11 salamanders
  27 elephants
  9 manticores
  A moth of wrath (shapeshifter) (D:15)
  39 ugly things
  13 fauns
  2 worldbinders
  3 apocalypse crabs
  23 vault sentinels
  18 naga magi
  A rust devil (Abyss:4)
  33 black mambas
  3 molten gargoyles (Lair:6)
  12 merfolk sirens
  10 guardian serpents
  A storm dragon simulacrum (Vaults:5)
  3 torpor snails (shapeshifter)
  2 orange demons
  A spriggan zombie (Depths:1)
  A cane toad (shapeshifter) (Depths:1)
  2 eyes of devastation (Slime:2)
  14 smoke demons
  5 water nymphs
  13 cane toads
  A rime drake (Lair:1)
  Maggie (Lair:1)
  2 tormentors
  5 freezing wraiths
  A komodo dragon (shapeshifter) (Vaults:3)
  45 yaktaurs
  3 efreet
  4 hellwings
  2 queen bees
  5 ancient zymes
  12 komodo dragons
  21 merfolk
  4 red devils (Pan)
  4 tengu conjurers
  4 meliai
  7 trolls
  A meliai (shapeshifter) (Depths:4)
  A jumping spider (shapeshifter) (Abyss:3)
  A jumping spider (Vaults:4)
  8 wind drakes
  3 polar bears
  26 blink frogs
  A hornet (shapeshifter) (Abyss:4)
  A wind drake (shapeshifter) (Vaults:4)
  63 slime creatures
  2 dream sheep (Shoals:4)
  2 meliai zombies
  12 hornets
  26 large abominations
  12 raiju
  An elf zombie (Vaults:5)
  6 snapping turtles
  An ettin zombie (Depths:1)
  5 flying skulls (Abyss:3)
  A redback (Vaults:4)
  A spriggan (shapeshifter) (Vaults:2)
  2 human simulacra
  39 water elementals
  4 shadows
  A tarantella (shapeshifter) (Depths:3)
  2 air elementals
  A wraith (Abyss:4)
  6 wyverns
  An ettin skeleton (Depths:1)
  8 ynoxinuls
  5 fire elementals
  9 basilisks
  40 yaks
  Grum (D:11)
  Eustachio (D:5)
  3 chaos spawn
  25 small abominations
  15 golden eyes
  A vampire (D:14)
  3 hogs (D:14)
  The ghost of Katz the Skirmisher, an amateur DsAK of Lugonu (D:3)
  An elf skeleton (Vaults:5)
  A spriggan simulacrum (Depths:1)
  4 neqoxecs
  2 steam dragons
  7 vampire mosquitoes
  Menkaure (D:5)
  2 spatial vortices (Abyss:3)
  43 nagas
  5 acid dragons
  2 wargs
  A soldier ant (D:15)
  Duvessa (D:5)
  16 water moccasins
  2 floating eyes
  A floating eye (shapeshifter) (Depths:5)
  9 hell hounds
  3 ice beasts
  31 orc warriors
  3 sky beasts
  A black bear (shapeshifter) (Elf:1)
  3 swamp drakes (Depths:5)
  3 black bears
  An ettin simulacrum (Depths:1)
  An eye of draining (shapeshifter) (D:15)
  A necrophage (D:13)
  7 eyes of draining
  2 phantoms
  A swamp dragon zombie (Abyss:2)
  A tengu (shapeshifter) (Elf:1)
  27 ogres
  28 wolves
  23 centaurs
  4 lemures (D:6)
  2 big kobolds
  15 bullfrogs
  A wyvern zombie (D:12)
  2 earth elementals
  A water moccasin zombie (D:11)
  3 scorpions
  Dowan (D:5)
  A troll zombie (Abyss:3)
  A water moccasin skeleton (D:4)
  An elf simulacrum (Vaults:5)
  A killer bee (shapeshifter) (Elf:1)
  22 killer bees
  5 wights
  A nameless horror (Gauntlet)
  3 howler monkeys
  4 electric eels
  A crimson imp (Depths:3)
  5 centaur zombies
  5 lava snakes (Lair:6)
  6 quasits
  4 hounds
  5 jellies
  A gnoll shaman (D:6)
  29 orc wizards
  A centaur skeleton (D:9)
  17 orc priests
  6 iguanas
  2 iron imps
  2 bullfrog skeletons
  An iguana (shapeshifter) (Depths:3)
  11 worker ants
  Natasha (thrice) (D:3)
  2 hound skeletons
  2 hound zombies
  A worker ant zombie (D:8)
  12 gnolls
  16 adders
  2 hound simulacra (D:3)
  5 shadow imps
  5 white imps
  6 ufetubi
  3 oozes
  2 adder zombies
  3 adder skeletons
  2 dart slugs
  4 leopard geckos
  100 orcs
  A ball python (D:4)
  6 bats
  6 giant cockroaches
  9 goblins
  11 hobgoblins
  18 jackals
  10 kobolds
  A kobold (shapeshifter) (Vaults:5)
  5 quokkas
  3 frilled lizards
  A giant cockroach simulacrum (D:3)
  2 jackal zombies
  A leopard gecko simulacrum (D:3)
  A leopard gecko zombie (D:5)
  A quokka simulacrum (D:3)
  2 quokka skeletons (D:7)
  6 rats
  8 bushes (D:11)
  3 crawling corpses (Elf:3)
  A lurking horror (Abyss:4)
  3 starspawn tentacles (Abyss:4)
2437 creatures vanquished.

Vanquished Creatures (collateral kills)
  A very ugly thing (Vaults:1)
  A green death (Pan)
  A fire dragon (Lair:6)
  3 hydras
  2 anacondas (Snake:1)
  A salamander mystic (Snake:4)
  2 naga ritualists
  3 salamanders (Snake:2)
  2 elephants
  A deep elf mage (Elf:2)
  2 black mambas
  A komodo dragon (Lair:6)
  A merfolk (Shoals:4)
  49 foxfires
70 creatures vanquished.

Vanquished Creatures (others)
  A deep elf high priest (Vaults:5)
  A sixfirhy (Abyss:3)
  A deep elf archer (Elf:3)
  A raiju (Abyss:4)
  A small abomination (Abyss:3)
  A golden eye (Slime:3)
  A naga (Snake:1)
  A warg (Vaults:4)
  A swamp drake (Depths:5)
  A hound (shapeshifter) (Vaults:5)
  2 orc wizards
  A kobold (Abyss:3)
  4 demonic plants (Abyss:2)
  5684 foxfires
  49 fungi
  191 plants
  8 starspawn tentacles (Abyss:4)
  11 withered plants
5960 creatures vanquished.

Grand Total: 8467 creatures vanquished

Notes
Turn   | Place    | Note
-------+----------+-------------------------------------------
     0 | D:1      | rogsnak the Gnoll Fire Elementalist began the quest for the
                  | Orb.
     0 | D:1      | Reached XP level 1. HP: 13/13 MP: 6/6
   312 | D:1      | Reached XP level 2. HP: 19/19 MP: 4/7
   585 | D:1      | Reached XP level 3. HP: 23/25 MP: 6/9
   625 | D:1      | Reached skill level 5 in Spellcasting
   960 | D:2      | Reached skill level 1 in Invocations
  1120 | D:2      | Reached skill level 1 in Fighting
  1120 | D:2      | Reached skill level 1 in Short Blades
  1120 | D:2      | Reached skill level 1 in Long Blades
  1120 | D:2      | Reached skill level 1 in Axes
  1120 | D:2      | Reached skill level 1 in Maces & Flails
  1120 | D:2      | Reached skill level 1 in Polearms
  1120 | D:2      | Reached skill level 1 in Staves
  1120 | D:2      | Reached skill level 1 in Slings
  1120 | D:2      | Reached skill level 1 in Bows
  1120 | D:2      | Reached skill level 1 in Crossbows
  1120 | D:2      | Reached skill level 1 in Throwing
  1120 | D:2      | Reached skill level 1 in Armour
  1120 | D:2      | Reached skill level 1 in Shields
  1120 | D:2      | Reached skill level 1 in Unarmed Combat
  1120 | D:2      | Reached skill level 1 in Evocations
  1163 | D:2      | Reached XP level 4. HP: 32/32 MP: 4/11
  1236 | D:2      | Found a faded altar of an unknown god.
  1481 | D:2      | Found a burning altar of Makhleb.
  1716 | D:2      | Reached skill level 1 in Hexes
  1716 | D:2      | Reached skill level 1 in Summonings
  1716 | D:2      | Reached skill level 1 in Necromancy
  1716 | D:2      | Reached skill level 1 in Translocations
  1716 | D:2      | Reached skill level 1 in Transmutations
  1716 | D:2      | Reached skill level 1 in Ice Magic
  1716 | D:2      | Reached skill level 1 in Air Magic
  1716 | D:2      | Reached skill level 1 in Earth Magic
  1716 | D:2      | Reached skill level 1 in Poison Magic
  2221 | D:3      | Noticed Katz's ghost (amateur DsAK)
  2318 | D:3      | Reached XP level 5. HP: 37/37 MP: 7/12
  2324 | D:3      | Learned a level 4 spell: Sticky Flame
  2330 | D:3      | Learned a level 5 spell: Fireball
  2451 | D:3      | Found an ancient bone altar of Kikubaaqudgha.
  2795 | D:3      | Reached skill level 2 in Invocations
  2795 | D:3      | Reached XP level 6. HP: 37/44 MP: 0/13
  2796 | D:3      | Found a snail-covered altar of Cheibriados.
  2904 | D:3      | Found a runed translucent gate.
  2904 | D:3      | Found a runed translucent gate.
  2907 | D:3      | Found a runed translucent gate.
  2917 | D:3      | Noticed Natasha
  2920 | D:3      | Killed Natasha
  3056 | D:3      | Noticed Natasha
  3059 | D:3      | Killed Natasha
  3059 | D:3      | Reached skill level 5 in Dodging
  3384 | D:3      | Noticed Natasha
  3391 | D:3      | Killed Natasha
  3630 | D:3      | Killed Katz's ghost
  3630 | D:3      | Reached XP level 7. HP: 42/50 MP: 3/15
  4085 | D:4      | Found an ornate altar of the Wu Jian Council.
  4086 | D:4      | Found a stormy altar of Qazlal.
  4320 | D:4      | Reached skill level 5 in Stealth
  4368 | D:4      | Reached skill level 3 in Invocations
  4544 | D:4      | Reached XP level 8. HP: 57/57 MP: 4/16
  4879 | D:5      | Entered Level 5 of the Dungeon
  4879 | D:5      | Found Poixyami's Distillery.
  4898 | D:5      | Noticed Duvessa
  4905 | D:5      | Noticed Dowan
  5236 | D:5      | Noticed Menkaure
  5504 | D:5      | Killed Menkaure
  5757 | D:5      | Found a sacrificial altar of Ru.
  5760 | D:5      | Became a worshipper of Ru the Awakened
  5995 | D:5      | Noticed Eustachio
  6003 | D:5      | Killed Eustachio
  6003 | D:5      | Reached skill level 4 in Invocations
  6197 | D:5      | Killed Dowan
  6197 | D:5      | Reached XP level 9. HP: 45/65 MP: 12/18
  6528 | D:5      | Killed Duvessa
  6845 | D:6      | Noticed Pikel
  7092 | D:6      | Found Qelyihi's Distillery.
  7416 | D:6      | Found a staircase to the Ecumenical Temple.
  7425 | Temple   | Entered the Ecumenical Temple
  7546 | D:6      | Found a shimmering blue altar of Sif Muna.
  7549 | D:6      | Fell from the grace of Ru
  7549 | D:6      | Became a worshipper of Sif Muna the Loreminder
  7690 | D:6      | Killed Pikel
  7732 | D:6      | Found an opulent altar of Gozag.
  7733 | D:6      | Found a sparkling altar of Nemelex Xobeh.
  8026 | D:7      | Reached skill level 5 in Invocations
  8407 | D:7      | Reached * piety under Sif Muna
  8515 | D:7      | Reached XP level 10. HP: 73/73 MP: 20/20
  8659 | D:7      | Found Nacounau's Antique Weapon Emporium.
  8807 | D:7      | Learned a level 2 spell: Blink
  8923 | D:8      | Reached skill level 5 in Fighting
  8923 | D:8      | Reached skill level 5 in Short Blades
  8923 | D:8      | Reached skill level 5 in Long Blades
  8923 | D:8      | Reached skill level 5 in Axes
  8923 | D:8      | Reached skill level 5 in Maces & Flails
  8923 | D:8      | Reached skill level 5 in Polearms
  8923 | D:8      | Reached skill level 5 in Staves
  8923 | D:8      | Reached skill level 5 in Slings
  8923 | D:8      | Reached skill level 5 in Bows
  8923 | D:8      | Reached skill level 5 in Crossbows
  8923 | D:8      | Reached skill level 5 in Throwing
  8923 | D:8      | Reached skill level 5 in Armour
  8923 | D:8      | Reached skill level 5 in Shields
  8923 | D:8      | Reached skill level 5 in Unarmed Combat
  8923 | D:8      | Reached skill level 5 in Evocations
  9403 | D:8      | Found a glowing golden altar of the Shining One.
  9405 | D:8      | Noticed an angel
  9427 | D:8      | Found a basalt altar of Yredelemnul.
  9429 | D:8      | Noticed a profane servitor
  9717 | D:9      | Reached ** piety under Sif Muna
  9745 | D:9      | Found a bloodstained altar of Trog.
 10005 | D:8      | Reached skill level 5 in Conjurations
 10195 | D:9      | Reached skill level 6 in Invocations
 10303 | D:9      | Found a hazy altar of Hepliaklqana.
 10304 | D:9      | Found a shadowy altar of Dithmenos.
 10337 | D:9      | Found a glowing silver altar of Zin.
 10665 | D:10     | Entered Level 10 of the Dungeon
 10698 | D:10     | Found a staircase to the Lair.
 10698 | D:10     | Noticed an elephant
 10729 | D:9      | Killed an elephant
 10765 | D:10     | Found Plog's Weapon Shop.
 11033 | D:10     | Reached XP level 11. HP: 81/81 MP: 13/22
 11035 | D:10     | Reached *** piety under Sif Muna
 11514 | D:11     | Reached skill level 5 in Hexes
 11514 | D:11     | Reached skill level 5 in Summonings
 11514 | D:11     | Reached skill level 5 in Necromancy
 11514 | D:11     | Reached skill level 5 in Translocations
 11514 | D:11     | Reached skill level 5 in Transmutations
 11514 | D:11     | Reached skill level 5 in Ice Magic
 11514 | D:11     | Reached skill level 5 in Air Magic
 11514 | D:11     | Reached skill level 5 in Earth Magic
 11514 | D:11     | Reached skill level 5 in Poison Magic
 11540 | D:11     | Found a portal to a secret trove of treasure.
 11617 | D:11     | Noticed a cyclops
 11626 | D:11     | Killed a cyclops
 11687 | D:11     | Found Gehan's Armour Shoppe.
 11726 | D:11     | Learned a level 4 spell: Summon Ice Beast
 11810 | D:11     | Noticed an oklob plant
 11937 | D:11     | Noticed an oklob plant
 11956 | D:11     | Noticed a two-headed ogre
 11976 | D:11     | Killed a two-headed ogre
 12008 | D:11     | Noticed Grum
 12064 | D:11     | Noticed an oklob plant
 12099 | D:11     | Paralysed by a floating eye for 3 turns
 12188 | D:11     | Killed Grum
 12364 | D:11     | Noticed a brown ugly thing
 12386 | D:11     | Killed a brown ugly thing
 12386 | D:11     | Reached skill level 7 in Invocations
 12699 | D:11     | Found a runed translucent gate.
 12699 | D:11     | Found a runed translucent gate.
 12699 | D:11     | Found a runed translucent gate.
 12700 | D:11     | Noticed Dusieq's ghost (journeyman DsCj)
 12861 | D:11     | Got a warped sapphire amulet
 12872 | D:11     | Identified the amulet of Relabey {RegenMP MR+} (You found
                  | it on level 11 of the Dungeon)
 12909 | D:11     | Killed an oklob plant
 13194 | D:11     | Killed an oklob plant
 13291 | D:11     | Killed an oklob plant
 13549 | D:12     | Found a staircase to the Orcish Mines.
 13603 | D:12     | Reached **** piety under Sif Muna
 13878 | D:12     | Noticed a deep elf mage
 13883 | D:12     | Killed a deep elf mage
 13883 | D:12     | Reached XP level 12. HP: 89/89 MP: 16/24
 14470 | D:13     | Found Torerosu's Gadget Shoppe.
 14529 | D:13     | Found a gate leading to a gauntlet.
 14543 | Gauntlet | Entered a Gauntlet
 14543 | Gauntlet | Found a transporter.
 14543 | Gauntlet | Found a transporter.
 14547 | Gauntlet | Found a transporter.
 14547 | Gauntlet | Found a transporter.
 14551 | Gauntlet | Found a transporter.
 14551 | Gauntlet | Found a transporter.
 14583 | Gauntlet | Found a runed translucent gate.
 14585 | Gauntlet | Found a transporter.
 14586 | Gauntlet | Found a runed translucent gate.
 14587 | Gauntlet | Found a runed translucent gate.
 14589 | Gauntlet | Found a transporter.
 14606 | Gauntlet | Found a transporter.
 14621 | Gauntlet | Noticed a reaper
 14622 | Gauntlet | Found a transporter.
 14636 | Gauntlet | Found a transporter.
 14640 | Gauntlet | Found a transporter.
 14700 | Gauntlet | Learned a level 3 spell: Mephitic Cloud
 14914 | Gauntlet | Got a jewelled flail
 14918 | Gauntlet | Got a bound copper amulet
 15056 | Gauntlet | Noticed a minotaur
 15057 | Gauntlet | Found the +4 moon troll leather armour {Spirit, Regen++
                  | MP+5}
 15118 | Gauntlet | Got a sapphire-encrusted troll leather armour
 15201 | Gauntlet | Killed a minotaur
 15246 | D:13     | Identified the cursed +1 troll leather armour "Wikats"
                  | {rElec Regen+ Str+3} (You found it in a Gauntlet)
 15251 | D:13     | Identified the +6 flail of Inference {freeze, rF+ Int+5}
                  | (You found it in a Gauntlet)
 15405 | D:13     | Noticed a tengu warrior
 15416 | D:13     | Killed a tengu warrior
 15416 | D:13     | Reached skill level 8 in Invocations
 15598 | D:13     | Identified the amulet "Uppaucin" {Spirit Dex+2} (You found
                  | it in a Gauntlet)
 15752 | D:13     | Noticed a boulder beetle
 15770 | D:13     | Killed a boulder beetle
 16229 | D:13     | Found a gate to the Vaults.
 16508 | D:14     | Identified Roxanne's Almanac of Shape Shifting
 16508 | D:14     | Noticed Roxanne
 16584 | D:14     | Reached ***** piety under Sif Muna
 16584 | D:14     | Identified Sif Muna's Volume of Harmful Snow (Sif Muna
                  | gifted it to you on level 14 of the Dungeon)
 16584 | D:14     | Received a gift from Sif Muna
 16596 | D:14     | Learned a level 5 spell: Iskenderun's Battlesphere
 16762 | D:14     | Found a transporter.
 16765 | D:14     | Found a transporter.
 16766 | D:14     | Noticed Jiolyugh's ghost (journeyman GrEE)
 17034 | D:14     | Reached XP level 13. HP: 98/98 MP: 22/26
 17089 | D:14     | Noticed Kirke
 17116 | D:14     | Killed Kirke
 17171 | D:15     | Entered Level 15 of the Dungeon
 17616 | D:15     | Reached skill level 9 in Invocations
 17740 | D:15     | Found a shimmering altar of Xom.
 17827 | D:15     | Identified 2 scrolls of acquirement
 17828 | D:15     | Acquired a +1 kite shield of cold resistance
 17829 | D:15     | Acquired 1301 gold pieces
 17987 | D:15     | Noticed an ettin
 18004 | D:15     | Killed an ettin
 18098 | D:15     | Found a glowing golden altar of the Shining One.
 18530 | D:15     | Reached skill level 10 in Spellcasting
 18541 | D:15     | Found a staircase to the Depths.
 18727 | Orc:1    | Entered Level 1 of the Orcish Mines
 18817 | Orc:2    | Entered Level 2 of the Orcish Mines
 18827 | Orc:2    | Found a staircase to the Elven Halls.
 19006 | Orc:2    | Identified Sif Muna's Compendium of the Voyage and
                  | Intoxication (Sif Muna gifted it to you on level 2 of the
                  | Orcish Mines)
 19006 | Orc:2    | Received a gift from Sif Muna
 19074 | Orc:1    | Noticed Sonja
 19613 | Orc:2    | Reached XP level 14. HP: 106/106 MP: 24/28
 19683 | Orc:2    | Reached skill level 10 in Dodging
 19921 | Orc:2    | Found Ilikodd's Gadget Shoppe.
 19921 | Orc:2    | Found Toss's Gadget Shop.
 19926 | Orc:2    | Found Ethujad's Jewellery Shoppe.
 19926 | Orc:2    | Found Jor Dua's Book Shop.
 20016 | Orc:1    | Killed Sonja
 20025 | Orc:1    | Reached skill level 10 in Stealth
 20561 | Lair:1   | Entered Level 1 of the Lair of Beasts
 20608 | Lair:1   | Found the +2 robe of Vines {NoPotionHeal Regen+7}
 20643 | Lair:1   | Reached skill level 10 in Invocations
 20661 | Lair:1   | Noticed Maggie
 20716 | Lair:1   | Killed Maggie
 20742 | Lair:1   | Identified Sif Muna's Guide on Black Rituals (Sif Muna
                  | gifted it to you on level 1 of the Lair of Beasts)
 20742 | Lair:1   | Received a gift from Sif Muna
 20823 | Lair:1   | Upgraded the game from 0.26-a0-663-g36e8fdb655 to
                  | 0.26-a0-665-gefeb406119
 21421 | Lair:2   | Found a staircase to the Snake Pit.
 21493 | Lair:2   | Noticed Gastronok
 21561 | Lair:2   | Killed Gastronok
 21642 | Lair:2   | Got a smoking scale mail
 21653 | Lair:2   | Identified the cursed +1 scale mail "Icaovee" {rPois rF+}
                  | (You found it on level 2 of the Lair of Beasts)
 21687 | Lair:2   | Noticed Urug
 21701 | Lair:2   | Killed Urug
 22146 | Lair:3   | Reached XP level 15. HP: 115/115 MP: 17/29
 22282 | Lair:3   | Found a staircase to the Shoals.
 22480 | Lair:3   | Acquired the +2 buckler "Gulankom" {Harm rN+ rCorr}
 22546 | Lair:3   | Identified Sif Muna's Incunabulum of Mutagenic Malediction
                  | (Sif Muna gifted it to you on level 3 of the Lair of
                  | Beasts)
 22546 | Lair:3   | Received a gift from Sif Muna
 23093 | Lair:4   | Reached skill level 10 in Fire Magic
 23459 | Lair:4   | Reached skill level 10 in Fighting
 23459 | Lair:4   | Reached skill level 10 in Short Blades
 23459 | Lair:4   | Reached skill level 10 in Long Blades
 23459 | Lair:4   | Reached skill level 10 in Axes
 23459 | Lair:4   | Reached skill level 10 in Maces & Flails
 23459 | Lair:4   | Reached skill level 10 in Polearms
 23459 | Lair:4   | Reached skill level 10 in Staves
 23459 | Lair:4   | Reached skill level 10 in Slings
 23459 | Lair:4   | Reached skill level 10 in Bows
 23459 | Lair:4   | Reached skill level 10 in Crossbows
 23459 | Lair:4   | Reached skill level 10 in Throwing
 23459 | Lair:4   | Reached skill level 10 in Armour
 23459 | Lair:4   | Reached skill level 10 in Shields
 23459 | Lair:4   | Reached skill level 10 in Unarmed Combat
 23459 | Lair:4   | Reached skill level 10 in Evocations
 23490 | Lair:4   | Acquired a +3 demon trident of electrocution
 23501 | Lair:4   | Identified the +5 hunting sling "Xeow" {flame, rN+ Dex-5
                  | Stlth+} (You found it on level 4 of the Lair of Beasts)
 23883 | Lair:4   | Found the +18 shield of the Gong {rElec rN+ MR+ EV-5}
 24431 | Lair:5   | Reached skill level 11 in Invocations
 24727 | Lair:5   | Received a gift from Sif Muna
 24937 | Lair:5   | Found a staircase to the Slime Pits.
 25113 | Lair:5   | Got a slimy helmet
 25119 | Lair:5   | Identified the cursed +0 helmet of Spite {rPois MR+ Regen+
                  | Int+3} (You found it on level 5 of the Lair of Beasts)
 25189 | Lair:6   | Entered Level 6 of the Lair of Beasts
 25693 | Lair:6   | Reached XP level 16. HP: 123/123 MP: 30/31
 25851 | Lair:6   | Found a large runed translucent door.
 25852 | Lair:6   | Found a large runed translucent door.
 26484 | Lair:6   | Found a runed translucent door.
 26485 | Lair:6   | Found a shimmering altar of Xom.
 26485 | Lair:6   | Noticed Puepiyp's ghost (journeyman VSTm)
 26621 | Lair:6   | Killed Puepiyp's ghost
 26687 | Lair:6   | Identified Sif Muna's Guide on the Traveller and the
                  | Glacier (Sif Muna gifted it to you on level 6 of the Lair
                  | of Beasts)
 26687 | Lair:6   | Received a gift from Sif Muna
 27050 | D:11     | You paid a toll of a +6 demon trident to enter a treasure
                  | trove
 27051 | Trove    | Entered a treasure trove
 27069 | Trove    | Got a scorched bone ring
 27071 | Trove    | Got a translucent ruby amulet
 27073 | Trove    | Got a fine amber ring
 27083 | Trove    | Identified the ring of Nizan {rF+ Int+6 Slay+5 SInv} (You
                  | found it in a treasure trove)
 27084 | Trove    | Identified the ring "Visumaxt" {Str+3 Int+4 Dex+3 Stlth+}
                  | (You found it in a treasure trove)
 27086 | Trove    | Identified the amulet "Pemosip" {Faith rF+ rN+ Dex+6} (You
                  | found it in a treasure trove)
 27087 | Trove    | Identified the ring "Cac Wanu" {rPois MR+ AC+4} (You found
                  | it in a treasure trove)
 27088 | Trove    | Identified the ring "Abuy" {Str+3 Int+6 Dex+3 SInv} (You
                  | found it in a treasure trove)
 27278 | Snake:1  | Entered Level 1 of the Snake Pit
 27610 | Snake:1  | Noticed Aizul
 27627 | Snake:1  | Killed Aizul
 27863 | Snake:1  | Acquired a scarf of invisibility
 28245 | Snake:1  | Found a burning altar of Makhleb.
 28702 | Snake:2  | Noticed a nagaraja
 28717 | Snake:2  | Killed a nagaraja
 28739 | Snake:2  | Reached skill level 12 in Invocations
 29021 | Snake:2  | Identified Ylo Jam's Catalogue of Ashen Evil Magic (Sif
                  | Muna gifted it to you on level 2 of the Snake Pit)
 29021 | Snake:2  | Received a gift from Sif Muna
 29030 | Snake:2  | Learned a level 6 spell: Iron Shot
 29254 | Snake:2  | Reached XP level 17. HP: 116/131 MP: 27/33
 29461 | Snake:3  | Found Ytes's Armour Shop.
 29811 | Snake:3  | Found a stormy altar of Qazlal.
 30101 | Snake:3  | Reached skill level 10 in Conjurations
 30421 | Snake:4  | Entered Level 4 of the Snake Pit
 31216 | Snake:4  | Reached skill level 10 in Hexes
 31216 | Snake:4  | Reached skill level 10 in Summonings
 31216 | Snake:4  | Reached skill level 10 in Necromancy
 31216 | Snake:4  | Reached skill level 10 in Translocations
 31216 | Snake:4  | Reached skill level 10 in Transmutations
 31216 | Snake:4  | Reached skill level 10 in Ice Magic
 31216 | Snake:4  | Reached skill level 10 in Air Magic
 31216 | Snake:4  | Reached skill level 10 in Earth Magic
 31216 | Snake:4  | Reached skill level 10 in Poison Magic
 31290 | Snake:4  | Identified Sif Muna's Guide on Displaced Changing (Sif Muna
                  | gifted it to you on level 4 of the Snake Pit)
 31290 | Snake:4  | Received a gift from Sif Muna
 32117 | Snake:4  | Reached XP level 18. HP: 140/140 MP: 28/34
 32293 | Snake:4  | Reached ****** piety under Sif Muna
 32445 | Snake:4  | Got a serpentine rune of Zot
 32573 | Shoals:1 | Entered Level 1 of the Shoals
 32596 | Shoals:1 | Reached skill level 13 in Invocations
 33244 | Shoals:1 | Identified Sif Muna's Almanac of the Escort and the Rocks
                  | (Sif Muna gifted it to you on level 1 of the Shoals)
 33244 | Shoals:1 | Received a gift from Sif Muna
 33977 | Shoals:2 | You fall into a shaft and drop 1 floor!
 34071 | Shoals:3 | Found a runed translucent door.
 34073 | Shoals:3 | Noticed KappaVara's ghost (adept DsFi)
 34399 | Shoals:4 | Entered Level 4 of the Shoals
 34648 | Shoals:4 | Got a barnacled rune of Zot
 34742 | Shoals:4 | Received a gift from Sif Muna
 35037 | Shoals:4 | Reached XP level 19. HP: 147/147 MP: 36/36
 35787 | Elf:1    | Entered Level 1 of the Elven Halls
 36161 | Elf:1    | Received a gift from Sif Muna
 36738 | Elf:2    | Found Loott's Gadget Shop.
 36892 | Elf:2    | Noticed Azrael
 36941 | Elf:2    | Killed Azrael
 37418 | Elf:2    | Reached skill level 14 in Invocations
 37428 | Elf:2    | Found a runed translucent gate.
 37428 | Elf:2    | Found a runed translucent gate.
 37429 | Elf:2    | Found a runed translucent gate.
 38112 | Elf:2    | Cast into level 3 of the Abyss (+0 quick blade of
                  | distortion)
 38188 | Abyss:3  | Identified Sif Muna's Papyrus of Creation (Sif Muna gifted
                  | it to you on level 3 of the Abyss)
 38188 | Abyss:3  | Received a gift from Sif Muna
 38188 | Abyss:3  | Noticed a bone dragon
 38324 | Abyss:3  | Reached XP level 20. HP: 153/156 MP: 34/37
 38325 | Abyss:3  | Found a corrupted altar of Lugonu.
 38878 | Abyss:3  | Noticed a bone dragon
 39213 | Elf:2    | Escaped the Abyss
 39713 | Elf:3    | Entered Level 3 of the Elven Halls
 40661 | Elf:3    | Noticed a Brimstone Fiend
 40898 | Elf:3    | Identified the ring "Itocarack" {+Inv rC- MR+ AC+4 Str+6}
 41022 | Elf:3    | Identified the +5 quarterstaff of Psychosis {pain, *Rage
                  | rC++ Dex+6}
 41025 | Elf:3    | Identified Sif Muna's Collected Works on Dark Malediction
                  | (Sif Muna gifted it to you on level 3 of the Elven Halls)
 41025 | Elf:3    | Received a gift from Sif Muna
 41250 | Elf:3    | Identified a +1 pair of boots of running (You found it on
                  | level 3 of the Elven Halls)
 41283 | Elf:3    | Identified the +10 hand axe of Cataclysm {holy, rF++ Str+4
                  | Dex-5}
 41329 | Elf:3    | Identified the ring "Obarch" {*Contam +Inv MR+ Str+5 Int-5}
 41335 | Elf:3    | Identified the +1 mace "Fagetaqe" {vorpal, rF+}
 41503 | Elf:3    | Identified the Handbook of Enchanting Battle Magic
 41530 | Elf:3    | Got a scorched cloak
 41541 | Elf:3    | Identified the cursed +0 cloak "Neafol" {rElec rC+ Str+4
                  | Dex+4} (You found it on level 3 of the Elven Halls)
 41551 | Elf:3    | Got a translucent arbalest
 41557 | Elf:3    | Identified the +5 arbalest of Defenestration {freeze,
                  | *Corrode rF+ Dex+5 SInv} (You found it on level 3 of the
                  | Elven Halls)
 41562 | Elf:3    | Got a glimmering dagger
 41563 | Elf:3    | Identified the +1 dagger of Truncation {vorpal, *Drain
                  | Str+6 Dex+2} (You found it on level 3 of the Elven Halls)
 41664 | Elf:3    | Got a translucent shortbow
 41665 | Elf:3    | Identified the cursed +0 shortbow of Zabrufo {speed, rF+}
                  | (You found it on level 3 of the Elven Halls)
 41919 | Vaults:1 | Entered Level 1 of the Vaults
 42273 | Vaults:1 | Reached XP level 21. HP: 164/164 MP: 21/39
 43529 | Vaults:1 | Reached skill level 15 in Invocations
 43701 | Vaults:2 | Identified Sif Muna's Papyrus of the Ghastly Traveller (Sif
                  | Muna gifted it to you on level 2 of the Vaults)
 43701 | Vaults:2 | Received a gift from Sif Muna
 43953 | Vaults:2 | Found Caziq's Book Emporium.
 44284 | Vaults:2 | Noticed Xtahua
 44338 | Vaults:2 | Killed Xtahua
 44688 | Vaults:3 | Found a broken altar of Ashenzari.
 45337 | Vaults:3 | Reached skill level 15 in Spellcasting
 45355 | Vaults:3 | Reached XP level 22. HP: 169/169 MP: 8/41
 45508 | Vaults:3 | Identified Beakez's Reference Book on Fiery Battle Magic
                  | (Sif Muna gifted it to you on level 3 of the Vaults)
 45508 | Vaults:3 | Received a gift from Sif Muna
 45559 | Vaults:3 | Found a staircase to the Crypt.
 45560 | Vaults:3 | Noticed Jory
 45592 | Vaults:3 | Killed Jory
 45765 | Vaults:3 | Noticed Mennas
 45810 | Vaults:3 | Killed Mennas
 45810 | Vaults:3 | Reached skill level 15 in Dodging
 46402 | Vaults:4 | Reached skill level 15 in Stealth
 47078 | Vaults:4 | Found Bump's Gadget Shop.
 47132 | Vaults:4 | Found a runed translucent gate.
 47132 | Vaults:4 | Found a runed translucent gate.
 47132 | Vaults:4 | Found a runed translucent gate.
 47168 | Vaults:4 | Noticed handsome's ghost (veteran OpWn)
 47168 | Vaults:4 | Noticed foobar1000's ghost (veteran SpHu)
 47338 | Vaults:4 | Received a gift from Sif Muna
 47652 | Vaults:4 | Reached skill level 16 in Invocations
 47932 | Vaults:4 | Learned a level 8 spell: Ignition
 47941 | Vaults:4 | Learned a level 8 spell: Borgnjor's Revivification
 47946 | Vaults:5 | Entered Level 5 of the Vaults
 47947 | Vaults:5 | Reached XP level 23. HP: 180/180 MP: 38/42
 47951 | Vaults:5 | Reached skill level 15 in Fighting
 47951 | Vaults:5 | Reached skill level 15 in Short Blades
 47951 | Vaults:5 | Reached skill level 15 in Long Blades
 47951 | Vaults:5 | Reached skill level 15 in Axes
 47951 | Vaults:5 | Reached skill level 15 in Maces & Flails
 47951 | Vaults:5 | Reached skill level 15 in Polearms
 47951 | Vaults:5 | Reached skill level 15 in Staves
 47951 | Vaults:5 | Reached skill level 15 in Slings
 47951 | Vaults:5 | Reached skill level 15 in Bows
 47951 | Vaults:5 | Reached skill level 15 in Crossbows
 47951 | Vaults:5 | Reached skill level 15 in Throwing
 47951 | Vaults:5 | Reached skill level 15 in Armour
 47951 | Vaults:5 | Reached skill level 15 in Shields
 47951 | Vaults:5 | Reached skill level 15 in Unarmed Combat
 47951 | Vaults:5 | Reached skill level 15 in Evocations
 48129 | Vaults:5 | Received a gift from Sif Muna
 48416 | Vaults:5 | Identified the +7 mace "Anafauw" {protect, Str+4}
 48912 | Vaults:5 | Got a silver rune of Zot
 49299 | Vaults:5 | Noticed a golden dragon
 49318 | Vaults:5 | Killed a golden dragon
 49329 | Vaults:5 | Reached XP level 24. HP: 169/189 MP: 7/43
 49572 | Vaults:5 | Identified Sif Muna's Compendium of Attacks (Sif Muna
                  | gifted it to you on level 5 of the Vaults)
 49572 | Vaults:5 | Received a gift from Sif Muna
 50190 | Vaults:5 | Noticed an ancient lich
 50198 | Vaults:5 | Killed an ancient lich
 50283 | Vaults:5 | Found Qarups's Armour Shoppe.
 50593 | Depths:1 | Entered Level 1 of the Depths
 50622 | Depths:1 | Found Dikhyuf's Pet Rocks.
 50639 | Depths:1 | Reached skill level 17 in Invocations
 50857 | D:14     | Killed Jiolyugh's ghost
 50999 | D:14     | Killed Roxanne
 51450 | Depths:1 | Found a gateway to Hell.
 51591 | Depths:1 | Received a gift from Sif Muna
 52180 | Depths:1 | Found a one-way gate to the infinite horrors of the Abyss.
 52602 | Depths:2 | Found a gateway to a ziggurat.
 52764 | Depths:2 | Reached XP level 25. HP: 190/197 MP: 43/43
 52844 | Depths:2 | Found Webodiyh's Gadget Shop.
 52844 | Depths:2 | Found Hyantun's Jewellery Shoppe.
 52845 | Depths:2 | Found Gaumuirch's Gadget Shop.
 52953 | Depths:2 | Got a translucent ring mail
 52964 | Depths:2 | Identified the cursed +0 ring mail of Rutihigg {rElec
                  | Regen+ Dex-4 Stlth+} (You found it on level 2 of the
                  | Depths)
 53412 | Depths:3 | Identified Sif Muna's Volume of the Spatial Mountains (Sif
                  | Muna gifted it to you on level 3 of the Depths)
 53412 | Depths:3 | Received a gift from Sif Muna
 53557 | Depths:3 | Found a runed translucent door.
 53557 | Depths:3 | Found a shimmering altar of Xom.
 53557 | Depths:3 | Noticed Cybycivi's ghost (veteran BaIE)
 53569 | Depths:3 | Killed Cybycivi's ghost
 53872 | Depths:3 | Found a one-way gate leading to the halls of Pandemonium.
 54369 | Depths:3 | Reached skill level 15 in Fire Magic
 54498 | Depths:3 | Identified the +7 hand axe of Shrieking Judgement {drain,
                  | rF+ rN+ Int+4 Dex+3}
 54571 | Depths:3 | Identified Sif Muna's Collected Works on Scorching
                  | Necromancy (Sif Muna gifted it to you on level 3 of the
                  | Depths)
 54571 | Depths:3 | Received a gift from Sif Muna
 54781 | Depths:4 | Reached XP level 26. HP: 176/206 MP: 22/44
 54891 | Depths:4 | Noticed a juggernaut
 54899 | Depths:4 | Killed a juggernaut
 55008 | Depths:4 | Reached skill level 18 in Invocations
 55370 | Depths:4 | Identified the amulet of Demons {Spirit +Fly Str+3 Int+2
                  | SInv} (You found it on level 4 of the Depths)
 55372 | Depths:4 | Got a brightly glowing flail
 55386 | Depths:4 | Identified the +2 flail of the Undead {vorpal, rN+} (You
                  | found it on level 4 of the Depths)
 56032 | Depths:5 | Entered Level 5 of the Depths
 56081 | Depths:5 | Noticed the Enchantress
 56082 | Depths:5 | Killed the Enchantress
 56477 | Depths:5 | Noticed a juggernaut
 56483 | Depths:5 | Killed a juggernaut
 56513 | Depths:5 | Identified Sif Muna's Catalogue of Enchanting Summoning
                  | (Sif Muna gifted it to you on level 5 of the Depths)
 56513 | Depths:5 | Received a gift from Sif Muna
 56824 | Depths:5 | Noticed Frederick
 56829 | Depths:5 | Killed Frederick
 57473 | Depths:5 | Reached XP level 27. HP: 122/214 MP: 20/44
 57476 | Depths:5 | Reached skill level 15 in Conjurations
 57514 | Depths:5 | Identified the +6 mace of Destiny {drain, +Blink Dex+3}
 57880 | Depths:5 | Found a gate to the Realm of Zot.
 58002 | Depths:4 | Reached skill level 15 in Hexes
 58002 | Depths:4 | Reached skill level 15 in Summonings
 58002 | Depths:4 | Reached skill level 15 in Necromancy
 58002 | Depths:4 | Reached skill level 15 in Translocations
 58002 | Depths:4 | Reached skill level 15 in Transmutations
 58002 | Depths:4 | Reached skill level 15 in Ice Magic
 58002 | Depths:4 | Reached skill level 15 in Air Magic
 58002 | Depths:4 | Reached skill level 15 in Earth Magic
 58002 | Depths:4 | Reached skill level 15 in Poison Magic
 58134 | D:15     | Fell from the grace of Sif Muna
 58134 | D:15     | Became a worshipper of the Shining One
 58565 | Depths:1 | Voluntarily entered the Abyss.
 58864 | Abyss:2  | Reached * piety under the Shining One
 58919 | Abyss:2  | Learned a level 6 spell: Shadow Creatures
 59086 | Abyss:2  | Reached ** piety under the Shining One
 59467 | Abyss:4  | Reached *** piety under the Shining One
 59593 | Abyss:4  | Found a glowing golden altar of the Shining One.
 59630 | Abyss:4  | Noticed a juggernaut
 59632 | Abyss:4  | Killed a juggernaut
 59636 | Abyss:4  | Got an abyssal rune of Zot
 59650 | Abyss:4  | Found a glowing golden altar of the Shining One.
 59778 | Abyss:4  | Reached **** piety under the Shining One
 59931 | Abyss:4  | Found a corrupted altar of Lugonu.
 59954 | Abyss:4  | Reached ***** piety under the Shining One
 60059 | Abyss:4  | Reached skill level 19 in Invocations
 60062 | Depths:1 | Escaped the Abyss
 60372 | Slime:1  | Entered Level 1 of the Pits of Slime
 61029 | Slime:5  | Entered Level 5 of the Pits of Slime
 61051 | Slime:5  | Learned a level 8 spell: Lehudib's Crystal Spear
 61148 | Slime:5  | Noticed the Royal Jelly
 61402 | Slime:5  | Killed the Royal Jelly
 61548 | Slime:5  | Reached ****** piety under the Shining One
 61620 | Slime:5  | Got a slimy rune of Zot
 61682 | Slime:5  | Got a transparent silver ring
 61691 | Slime:5  | Got a coiled ivory ring
 61694 | Slime:5  | Got a heavily runed lapis lazuli ring
 61709 | Slime:5  | Identified the ring "Meotuic" {rF+++ AC+4} (You found it on
                  | level 5 of the Pits of Slime)
 61711 | Slime:5  | Identified the ring "Wukhloetz" {rElec rPois} (You found it
                  | on level 5 of the Pits of Slime)
 61713 | Slime:5  | Identified the ring of Ykkijoiz {EV+4 Str+3 SInv} (You
                  | found it on level 5 of the Pits of Slime)
 61728 | Slime:5  | Identified the cursed +1 falchion of Xom's Whim {venom,
                  | Int+5} (You found it on level 5 of the Pits of Slime)
 62217 | Pan      | Entered Pandemonium
 62254 | Pan      | Found an exit through the horrors of the Abyss.
 62561 | Pan      | Identified the cursed +0 tower shield "Halajieh" {Int+3}
 62649 | Pan      | Entered the realm of Cerebov.
 62956 | Pan      | Upgraded the game from 0.26-a0-665-gefeb406119 to
                  | 0.26-a0-667-g92642533e4
 63042 | Pan      | Identified the Catalogue of Dislocation and Glamour
 63166 | Pan      | Identified the +6 sword of Cerebov {flame}
 63166 | Pan      | Noticed Cerebov
 63298 | Pan      | Killed from afar by Cerebov

Illustrated notes

Levels and vault maps discovered:
D:1:      dpeg_arrival_prison, layout_loops_ring
D:2:      layout_basic, bloody_makhleb, chequers_ecumenical_altar_simple_redux
D:3:      layout_basic, cheibriados_altar_1, kiku_gazebo_garden_becter,
          gammafunk_ghost_icy, uniq_natasha
D:4:      layout_loops_cross, chequers_temple_overflow_statue_of_worship
D:5:      cheibrodos_fzero, layout_basic, lemuel_doored_altar, serial_shops,
          shop, uniq_menkaure, uniq_duvessa, uniq_eustachio
D:6:      layout_cave_pods, grunt_temple_overflow_opulence,
          lemuel_blue_sif_altar, minmay_temple_entry_mist, serial_shops,
          nicolae_shop_window_shopping, uniq_pikel
D:7:      layout_basic, serial_shops, nicolae_shop_window_shopping
D:8:      layout_loops_cross, grunt_temple_overflow_holy_war
D:9:      layout_gridville, riverfiend_overflow_shadow_ancestor, zin_academy,
          lemuel_coloured_pillars_altar
D:10:     layout_irregular_city, david_lair_generic, serial_shops,
          nicolae_shop_temple_entry_statues_fountains
D:11:     layout_cave_pods, enter_trove_2, serial_shops, shop,
          ebering_ghost_rock_garden, disabler_island, uniq_grum
D:12:     layout_irregular_city, erik_orc_3
D:13:     kennysheep_blocky_room, layout_irregular_city,
          skrybe_vaults_entry_preservation, serial_shops, shop,
          gauntlet_entry_generic
D:14:     layout_cave_pods, hangedman_decor_riveting, gammafunk_ghost_hive,
          uniq_roxanne, uniq_kirke
D:15:     hangedman_depths_entry_civil_slaughter, layout_basic, tso_metal_star,
          fountainhead, tgw_xom
Temple:   corrupted_temple
Lair:1:   layout_regular_city, lemuel_fruit_fields, uniq_maggie
Lair:2:   layout_chaotic_city, dummy_snake_entry, uniq_gastronok, uniq_urug
Lair:3:   layout_layer_cave, elwin_shoals_entry_stream, grunt_megastairs_2,
          serial_bayou_shore_a
Lair:4:   layout_roguey, infiniplex_staircase_pool_2, minmay_lair_oklob_chamber,
          wad_woods_river_01
Lair:5:   layout_concentric_octagons, slime_dummy, special_room
          [special_room_bee]
Lair:6:   cheibrodos_lair_end_hotspot, layout_loops_ring, ebering_ghost_xom
Shoals:1: layout_shoals
Shoals:2: cheibrodos_shoals_baths, layout_shoals, serial_shops, shop
Shoals:3: layout_shoals, ebering_ghost_inner_flame
Shoals:4: shoals_end_simple, layout_shoals
Snake:1:  layout_chambers, basic_altar, st_stairs_4, uniq_aizul
Snake:2:  layout_basic, st_stairs_1
Snake:3:  layout_grid_maze, basic_altar, serial_shops, shop
Snake:4:  grunt_snake_rune_pools, layout_rooms, nicolae_snake_shapes
Slime:1:  layout_caves
Slime:2:  layout_caves
Slime:3:  layout_caves
Slime:4:  layout_caves, basic_altar
Slime:5
Orc:1:    layout_diamond_mine, uniq_sonja
Orc:2:    grunt_orc_tribal_feast, layout_caves
Elf:1:    eino_elf_arrival_customs, layout_loops_cross, minivault_28
Elf:2:    layout_geoelf_octagon, serial_shops, shop, uniq_azrael
Elf:3:    elf_hall_gauntlet_wide, layout_onion_city, lemuel_flamethrower_2
Vaults:1: st_lattice, vaults_mumra_chevron_long, vaults_room_boxed,
          nicolae_vaults_three_branches, grunt_vaults_bifocal,
          grunt_vaults_twisty, nicolae_vaults_mini_display_case,
          nicolae_vaults_diagonal_hallway_8, grunt_vaults_hallway_long,
          nicolae_vaults_what_the_h, layout_vaults_chaotic_city
Vaults:2: ontoclasm_vaults_spin, v_alt_pattern_5, vaults_mumra_hex, v_misc_3,
          nicolae_vaults_little_squares_2, v_alt_pattern_3,
          ontoclasm_vaults_decontamination, nicolae_vaults_network_quinsquares
          [nicolae_vaults_network_quincunx_subvault,
          nicolae_vaults_network_quincunx_subvault,
          nicolae_vaults_network_quincunx_subvault,
          nicolae_vaults_network_quincunx_subvault],
          nicolae_vaults_circle_grid_b, layout_vaults_ring, serial_shops, shop,
          uniq_xtahua
Vaults:3: v_rooms_1, minmay_crypt_entry_simple_round, vaults_room_grid,
          st_spiral_rooms, ontoclasm_vaults_twist, v_misc_32, vaults_dpeg_hooks,
          nicolae_vaults_windows_and_doors_thing, layout_vaults_maze_snakey,
          basic_altar, uniq_jory, uniq_mennas
Vaults:4: gammafunk_vaults_ghost_cemetery, v_misc_5, v_misc_10,
          vaults_mumra_bighexcomb, ontoclasm_vaults_tryst,
          vaults_standard_mumra_x, v_misc_29, ontoclasm_vaults_fault,
          hangedman_vaults_locks, nicolae_vaults_theta, layout_vaults_omnibox,
          serial_shops, shop
Vaults:5: serial_shops
Depths:1: layout_basic, grunt_metal_band, abyss_entry, hangedman_decor_points,
          minivault_1, grunt_decor_arrowhead, guppyfry_shop_earth
Depths:2: nicolae_whirlpool, layout_basic, enter_ziggurat_f,
          pf_hell_entry_great_geh, serial_bayou_pond_e,
          kennysheep_opposing_triangles, minmay_shop_grove
Depths:3: minmay_the_grid_square_5x5_5x5_mashed
          [minmay_the_grid_square_5x5_checkered, minmay_the_grid_square_5x5_tie,
          minmay_the_grid_square_5x5_trominoes,
          minmay_the_grid_square_5x5_three_small,
          minmay_the_grid_square_5x5_broken_cross,
          minmay_the_grid_square_5x5_forky,
          minmay_the_grid_square_5x5_prize_junk,
          minmay_the_grid_square_5x5_fancy_junction,
          minmay_the_grid_square_5x5_prize_deathbox,
          minmay_the_grid_square_5x5_one_wall,
          minmay_the_grid_square_5x5_n_small,
          minmay_the_grid_square_5x5_shuriken,
          minmay_the_grid_square_5x5_prize_snowflake,
          minmay_the_grid_square_5x5_plus, minmay_the_grid_square_5x5_minivault,
          minmay_the_grid_square_5x5_beaten_path,
          minmay_the_grid_square_5x5_prize_rear_guard,
          minmay_the_grid_square_5x5_percent,
          minmay_the_grid_square_5x5_prize_gold,
          minmay_the_grid_square_5x5_hollow_slash,
          minmay_the_grid_square_5x5_three,
          minmay_the_grid_square_5x5_tetrominoes,
          minmay_the_grid_square_5x5_two_walls_a,
          minmay_the_grid_square_5x5_six, minmay_the_grid_square_5x5_v],
          layout_cave_pools, ebering_ghost_xom, grunt_pan_entry_spiral,
          hell_entry, abyss_entry, hangedman_abyss_or_decor_passed,
          minmay_misc_feat_ornament
Depths:4: cheibrodos_tormentor_scu, layout_basic, pf_hell_entry_tar_spiral,
          hangedman_glass_teeth, abyss_entry, minmay_staircase_windowed_large
Depths:5: lemuel_castle_with_subvaults [lemuel_castle_interior_carwin_3],
          layout_basic, roderic_lattice_octagonal_star, rand_demon_pan_entry_5,
          hell_entry, minivault_14, laboratory, uniq_frederick, uniq_enchantress
Pan:      grunt_pan_in_and_out, layout_cellular_growth,
          pan_blood_fountain_small, evilmike_mini_pan_rooms, layout_chambers,
          cerebov, layout_stronghold

Skill      XL: |  1  2  3  4  5  6  7  8  9 10 11 12 13 14 15 16 17 18 19 20 21 22 23 24 25 26 27 |
---------------+----------------------------------------------------------------------------------+-----
Conjurations   | 2 3 4 5 6 7 8 9 10 11 12 13 14 15 | 15.7
Spellcasting   | 5 6 7 8 9 10 11 12 13 14 15 16 17 18 | 18.6
Invocations    | 1 2 3 4 5 6 7 8 9 10 11 12 13 14 15 16 17 18 19 | 19.4
Fighting       | 1 2 3 4 5 6 7 8 9 10 11 12 13 14 15 16 17 18 | 18.1
Short Blades   | 1 2 3 4 5 6 7 8 9 10 11 12 13 14 15 16 17 18 | 18.1
Long Blades    | 1 2 3 4 5 6 7 8 9 10 11 12 13 14 15 16 17 18 | 18.1
Axes           | 1 2 3 4 5 6 7 8 9 10 11 12 13 14 15 16 17 18 | 18.1
Maces & Flails | 1 2 3 4 5 6 7 8 9 10 11 12 13 14 15 16 17 18 | 18.1
Polearms       | 1 2 3 4 5 6 7 8 9 10 11 12 13 14 15 16 17 18 | 18.1
Staves         | 1 2 3 4 5 6 7 8 9 10 11 12 13 14 15 16 17 18 | 18.1
Slings         | 1 2 3 4 5 6 7 8 9 10 11 12 13 14 15 16 17 18 | 18.1
Bows           | 1 2 3 4 5 6 7 8 9 10 11 12 13 14 15 16 17 18 | 18.1
Crossbows      | 1 2 3 4 5 6 7 8 9 10 11 12 13 14 15 16 17 18 | 18.1
Throwing       | 1 2 3 4 5 6 7 8 9 10 11 12 13 14 15 16 17 18 | 18.1
Armour         | 1 2 3 4 5 6 7 8 9 10 11 12 13 14 15 16 17 18 | 18.1
Shields        | 1 2 3 4 5 6 7 8 9 10 11 12 13 14 15 16 17 18 | 18.1
Unarmed Combat | 1 2 3 4 5 6 7 8 9 10 11 12 13 14 15 16 17 18 | 18.1
Evocations     | 1 2 3 4 5 6 7 8 9 10 11 12 13 14 15 16 17 18 | 18.1
Hexes          | 1 2 3 4 5 6 7 8 9 10 11 12 13 14 15 | 15.6
Summonings     | 1 2 3 4 5 6 7 8 9 10 11 12 13 14 15 | 15.6
Necromancy     | 1 2 3 4 5 6 7 8 9 10 11 12 13 14 15 | 15.6
Translocations | 1 2 3 4 5 6 7 8 9 10 11 12 13 14 15 | 15.6
Transmutations | 1 2 3 4 5 6 7 8 9 10 11 12 13 14 15 | 15.6
Ice Magic      | 1 2 3 4 5 6 7 8 9 10 11 12 13 14 15 | 15.6
Air Magic      | 1 2 3 4 5 6 7 8 9 10 11 12 13 14 15 | 15.6
Earth Magic    | 1 2 3 4 5 6 7 8 9 10 11 12 13 14 15 | 15.6
Poison Magic   | 1 2 3 4 5 6 7 8 9 10 11 12 13 14 15 | 15.6
Dodging        | 5 6 7 8 9 10 11 12 13 14 15 16 17 18 | 18.5
Stealth        | 5 6 7 8 9 10 11 12 13 14 15 16 17 18 | 18.4
Fire Magic     | 6 7 8 9 10 11 12 13 14 15 16 | 16.3

Action                   |  1- 3 |  4- 6 |  7- 9 | 10-12 | 13-15 | 16-18 | 19-21 | 22-24 | 25-27 || total
-------------------------+-------+-------+-------+-------+-------+-------+-------+-------+-------++-------
Melee: Unarmed           |     1 |       |       |       |       |    21 |       |       |       ||    22
       Mace              |     3 |     5 |       |       |       |       |       |       |       ||     8
       Bite              |       |     2 |     1 |    12 |    21 |    50 |    56 |    93 |   130 ||   365
       Flail             |       |     8 |    24 |    25 |   179 |    73 |    11 |   165 |       ||   485
       Staff             |       |       |     5 |    76 |       |       |       |       |       ||    81
       Dagger            |       |       |     2 |    18 |     2 |     4 |    27 |     4 |       ||    57
       Scimitar          |       |       |       |       |   157 |   368 |   362 |   191 |       ||  1078
       Double sword      |       |       |       |       |       |       |       |   169 |   552 ||   721
       Sacred scourge    |       |       |       |       |       |       |       |       |   147 ||   147
       Quick blade       |       |       |       |       |       |       |       |       |   111 ||   111
Throw: Boomerang         |       |       |       |     3 |       |       |       |       |       ||     3
 Cast: Foxfire           |    54 |   141 |   306 |   591 |   605 |   673 |   500 |   313 |   260 ||  3443
       Sticky Flame      |       |       |    12 |    63 |   144 |   110 |   135 |   113 |    81 ||   658
       Fireball          |       |       |     1 |    31 |    72 |   114 |   111 |    51 |    57 ||   437
       Mephitic Cloud    |       |       |       |     6 |    55 |     7 |     3 |     4 |     2 ||    77
       Summon Ice Beast  |       |       |       |     6 |    10 |    30 |    15 |       |       ||    61
       Iskenderun's Batt |       |       |       |     2 |    88 |   111 |   121 |    75 |    55 ||   452
       Blink             |       |       |       |       |     6 |     7 |     1 |     6 |       ||    20
       Iron Shot         |       |       |       |       |       |     4 |    97 |    79 |   161 ||   341
       Ignition          |       |       |       |       |       |       |       |    12 |    26 ||    38
       Shadow Creatures  |       |       |       |       |       |       |       |       |     5 ||     5
       Lehudib's Crystal |       |       |       |       |       |       |       |       |     1 ||     1
Invok: Channel Magic     |       |       |       |       |       |       |       |     1 |       ||     1
       Divine Shield     |       |       |       |       |       |       |       |       |     1 ||     1
       Cleansing Flame   |       |       |       |       |       |       |       |       |     1 ||     1
       Summon Divine War |       |       |       |       |       |       |       |       |     1 ||     1
       Forget Spell      |       |       |       |       |       |       |       |       |     1 ||     1
 Abil: Evoke Flight      |       |       |       |       |       |     4 |       |       |       ||     4
Evoke: Wand              |       |       |       |     1 |       |       |     1 |     6 |     2 ||    10
       Lightning rod     |       |       |       |       |       |       |       |     1 |       ||     1
       Condenser vane    |       |       |       |       |       |       |       |     1 |       ||     1
  Use: Scroll            |       |       |       |    20 |    23 |    11 |     8 |    12 |    12 ||    86
       Potion            |       |       |       |     2 |       |       |     2 |     5 |     4 ||    13
 Stab: Sleeping          |     1 |       |     2 |     4 |     2 |     4 |    10 |     6 |     5 ||    34
       Distracted        |       |       |       |     2 |       |       |     1 |       |     3 ||     6
       Confused          |       |       |       |     4 |    20 |     4 |     2 |     4 |     5 ||    39
       Petrified         |       |       |       |       |     2 |       |       |       |       ||     2
       Petrifying        |       |       |       |       |     1 |       |       |       |       ||     1
Armor: Robe              |     1 |     4 |     2 |       |       |       |       |       |       ||     7
       Leather armour    |       |       |     2 |     8 |       |       |       |       |       ||    10
       Troll leather arm |       |       |       |    23 |   105 |   129 |    87 |   120 |   158 ||   622
Dodge: Dodged            |     4 |    31 |    39 |   136 |   316 |   380 |   292 |   415 |   563 ||  2176
       Repelled          |       |       |       |     2 |       |    29 |    12 |       |       ||    43
Block: Buckler           |       |       |     1 |    71 |    34 |       |    52 |   293 |   309 ||   760
       Kite shield       |       |       |       |       |   268 |   495 |   209 |       |       ||   972
       Rpst.: Scimitar   |       |       |       |       |    29 |    52 |    32 |    12 |       ||   125
       Double sword      |       |       |       |       |       |       |       |    15 |    52 ||    67

Table legend: (Time is in decaauts)
 A = Elapsed time spent in this place.
 B = Non-inter-level travel time spent in this place.
 C = Inter-level travel time spent in this place.
 D = Time resting spent in this place.
 E = Time spent auto-exploring this place.
 F = Levels seen in this place.
 G = Mean time per level.
                   A        B        C        D        E       F      G
               +--------+--------+--------+--------+--------+-----+--------+
         Total |  61603 |  58013 |   3590 |  11689 |   9326 |  60 | 1026.7 |
       Dungeon |  19351 |  17931 |   1420 |   3048 |   6734 |  15 | 1290.1 |
        Temple |     61 |     61 |      0 |      0 |     39 |   1 |   61.0 |
          Lair |   6866 |   6135 |    731 |   1139 |    136 |   6 | 1144.3 |
        Shoals |   2952 |   2880 |     72 |    657 |      0 |   4 |  738.0 |
     Snake Pit |   5181 |   5019 |    162 |   1171 |    432 |   4 | 1295.2 |
    Slime Pits |   1374 |   1323 |     51 |    596 |      0 |   5 |  274.8 |
  Orcish Mines |   1788 |   1706 |     82 |    371 |    116 |   2 |  894.0 |
   Elven Halls |   4890 |   4691 |    199 |   1058 |     78 |   3 | 1630.0 |
        Vaults |   8179 |   7788 |    391 |   1653 |    470 |   5 | 1635.8 |
        Depths |   6867 |   6389 |    478 |   1471 |   1319 |   5 | 1373.4 |
         Abyss |   2369 |   2369 |      0 |    237 |      0 |   5 |  473.8 |
   Pandemonium |    980 |    980 |      0 |    177 |      0 |   3 |  326.7 |
         Trove |     76 |     76 |      0 |      0 |      0 |   1 |   76.0 |
      Gauntlet |    662 |    662 |      0 |    109 |      0 |   1 |  662.0 |
               +--------+--------+--------+--------+--------+-----+--------+

Top non-repeatable levels by time:
    D:11: 2068 daAuts
Vaults:5: 2041 daAuts
   Elf:3: 1911 daAuts
Vaults:4: 1822 daAuts
     D:5: 1771 daAuts
   Elf:2: 1719 daAuts
     D:3: 1717 daAuts
Vaults:1: 1649 daAuts
Depths:5: 1646 daAuts
Depths:1: 1578 daAuts
    D:13: 1570 daAuts
 Snake:4: 1555 daAuts
Vaults:3: 1529 daAuts
 Snake:3: 1490 daAuts
    D:14: 1415 daAuts
